 Dungeon Crawl Stone Soup version 0.30-a0-881-g1ff12e1e11 (webtiles) character file.

Game seed: 6006889949072537341

403724 hikkokomori the Hoplite (level 24, -3/199 (201) HPs)
             Began as a Formicid Fighter on Mar 15, 2023.
             Was a High Priest of Qazlal.
             Slain by a tengu reaver
             ... wielding a +0 glaive
              (19 damage)
             ... on level 5 of the Vaults.
             The game lasted 01:40:24 (47504 turns).

hikkokomori the Hoplite (Formicid Fighter)         Turns: 47504, Time: 01:40:24

HP:   -3/199 (201)  AC: 43    Str: 33    XL:     24   Next: 47%
MP:   27/36         EV:  9    Int: 12    God:    Qazlal [*****.]
Gold: 1328          SH: 28    Dex:  8    Spells: 29/34 levels left

rFire   . . .      SeeInvis +    M - +5 war axe of the Postmodern Beasts {drain, Will++ rCorr Str+3 Dex-5}
rCold   + + +      Faith    .    N - +1 tower shield {reflect}
rNeg    + + .      Spirit   .    E - +8 gold dragon scales
rPois   +          Reflect  +    (helmet unavailable)
rElec   +          Rampage  .    F - +1 cloak {Will+}
rCorr   +                        O - +2 pair of gloves {Str+3}
Will    +++++                    Y - +0 pair of boots {Fly}
Stlth   x                          - amulet of regeneration
HPRegen 1.33/turn                b - +4 ring of protection
MPRegen 0.25/turn                K - ring "Unipn" {Ice Fly rElec rN++ Int-2}

@: lethally poisoned (-3 -> -3), protected from cold, flying, studying
Evocations, lightly drained, repel missiles
A: permanent stasis, dig shafts and tunnels, antennae 3, four strong arms
}: 2/15 runes: serpentine, barnacled
a: Dig, Shaft Self, Renounce Religion, Upheaval, Elemental Force, Disaster Area


You were on level 5 of the Vaults.
You worshipped Qazlal.
Qazlal was extremely pleased with you.
You visited 7 branches of the dungeon, and saw 38 of its levels.
You visited the Abyss 1 time.
You also visited: Sewer, Bailey and Volcano.

You collected 5318 gold pieces.
You spent 3990 gold pieces at shops.

Inventory:

Hand Weapons
 d - a +2 battleaxe of flaming
 o - a +9 heavy battleaxe
 M - the +5 war axe of the Postmodern Beasts (weapon) {drain, Will++ rCorr Str+3 Dex-5}
   (You found it on level 5 of the Lair of Beasts)

   Str:       It affects your strength (+3).
   Dex:       It affects your dexterity (-5).
   rCorr:     It protects you from acid and corrosion.
   Will:      It greatly increases your willpower.
Missiles
 i - 2 throwing nets
 J - 9 javelins
Armour
 y - a +2 kite shield of protection
 E - +8 gold dragon scales (worn)
 F - a +1 cloak of willpower (worn)
 N - a +1 tower shield of reflection (worn)
 O - a +2 pair of gloves of strength (worn)
 Y - a +0 pair of boots of flying (worn)
Jewellery
 b - a +4 ring of protection (left hand)
 l - the ring "Osonant" {rElec MP+9 Str+6}
   (You took it off a deep elf zephyrmancer on level 3 of the Elven Halls)

   [ring of strength]

   Str:       It affects your strength (+6).
   rElec:     It insulates you from electricity.
   MP:        It affects your magic capacity (+9).
 u - the macabre finger necklace {Finger+ rN+}
   (You found it on level 3 of the Elven Halls)

   [amulet of nothing]

   Finger+:   It enables you to equip an extra ring.
   rN:        It protects you from negative energy.
 x - an amulet of regeneration (around neck)
 B - the ring "Ephenoez" {Ice rN+ Will+ Dex+4}
   (You found it on level 13 of the Dungeon)

   [ring of ice]

   It enhances your ice magic.
   Dex:       It affects your dexterity (+4).
   rF:        It makes you vulnerable to fire.
   rC:        It protects you from cold.
   rN:        It protects you from negative energy.
   Will:      It increases your willpower.
 K - the ring "Unipn" (right hand) {Ice Fly rElec rN++ Int-2}
   (You acquired it on level 1 of the Shoals)

   [ring of ice]

   It enhances your ice magic.
   Int:       It affects your intelligence (-2).
   rF:        It makes you vulnerable to fire.
   rC:        It protects you from cold.
   rElec:     It insulates you from electricity.
   rN:        It greatly protects you from negative energy.
   Fly:       It grants you flight.
 Q - the ring of the Sybil {Wiz *Corrode rElec rF+ Slay+3}
   (You found it on level 3 of the Elven Halls)

   [ring of wizardry]

   It improves your spell success rate.
   Slay:      It affects your accuracy & damage with ranged weapons and melee
   (+3).
   rF:        It protects you from fire.
   rElec:     It insulates you from electricity.
   *Corrode:  It may corrode you when you take damage.
 U - an amulet of reflection
 W - a +4 ring of protection
Wands
 C - a wand of quicksilver (9)
 H - a wand of polymorph (20)
 L - a wand of paralysis (6)
 S - a wand of iceblast (36)
 T - a wand of flame (38)
Scrolls
 c - 3 scrolls of fear
 g - 6 scrolls of poison
 j - 2 scrolls of magic mapping
 n - 2 scrolls of brand weapon
 r - 2 scrolls of silence
 t - 9 scrolls of fog
 I - 14 scrolls of immolation
 P - a scroll of enchant weapon
 R - 5 scrolls of amnesia
 V - 9 scrolls of identify
Potions
 e - 9 potions of lignification
 f - 3 potions of ambrosia
 k - a potion of cancellation
 m - 2 potions of heal wounds
 p - 6 potions of mutation
 q - 18 potions of curing
 s - 6 potions of magic
 v - 8 potions of brilliance
 w - 2 potions of invisibility
 z - 6 potions of flight
 D - 5 potions of resistance
 G - 3 potions of attraction
 Z - 7 potions of might
Miscellaneous
 a - a condenser vane (inert)
 h - a phial of floods
 X - a tin of tremorstones (2/2)


   Skills:
 - Level 19.1 Fighting
 + Level 19.3 Axes
 - Level 2.7 Throwing
 - Level 20.0 Armour
 - Level 7.9 Dodging
 + Level 22.0 Shields
 - Level 5.7 Spellcasting
 + Level 8.0 Translocations
 + Level 19.5 Invocations
 + Level 15.5 Evocations


You had 29 spell levels left.
You knew the following spells:

 Your Spells              Type           Power      Damage    Failure   Level
a - Apportation           Tloc           44%        N/A       9%          1
b - Manifold Assault      Tloc           22%        N/A       63%         4

Your spell library contained the following spells:

 Spells                   Type           Power      Damage    Failure   Level
 Lesser Beckoning         Tloc           44%        N/A       13%         2
 Gell's Gravitas          Tloc           22%        N/A       26%         3
 Teleport Other           Tloc           22%        N/A       26%         3
 Passage of Golubria      Tloc           22%        N/A       63%         4
 Vhi's Electric Charge    Tloc/Air       26%        N/A       80%         3
 Foxfire                  Conj/Fire      12%        2x1d4     93%         1
 Freeze                   Ice            20%        1d4       93%         1
 Necrotise                Necr           12%        1d4       93%         1
 Slow                     Hex            12%        N/A       93%         1
 Sting                    Tmut/Pois      12%        1d3       93%         1
 Summon Small Mammal      Summ           12%        N/A       93%         1
 Kindle Blastsparks       Fire/Tloc/Air  18%        2d11      93%         3
 Poisonous Vapours        Pois/Air       6%         N/A       98%         2
 Static Discharge         Conj/Air       6%         2-3/arc   98%         2
 Sublimation of Blood     Necr           3%         N/A       98%         2
 Iskenderun's Mystic Bla  Conj/Tloc      13%        2d5       99%         4
 Call Canine Familiar     Summ           3%         N/A       100%        3
 Confusing Touch          Hex            3%         N/A       100%        3
 Frozen Ramparts          Ice            10%        1d2       100%        3
 Hailstorm                Conj/Ice       5%         3d4       100%        3
 Ignite Poison            Fire/Tmut/Pois 3%         N/A       100%        3
 Inner Flame              Hex/Fire       3%         N/A       100%        3
 Ozocubu's Armour         Ice            5%         N/A       100%        3
 Tukima's Dance           Hex            3%         N/A       100%        3
 Vampiric Draining        Necr           3%         2d6       100%        3
 Anguish                  Hex/Necr       1%         N/A       100%        4
 Animate Armour           Summ/Erth      6%         N/A       100%        4
 Animate Dead             Necr           3%         N/A       100%        4
 Flame Wave               Conj/Fire      3%         2d5       100%        4
 Fulminant Prism          Conj/Hex       1%         3d5       100%        4
 Leda's Liquefaction      Hex/Erth       1%         N/A       100%        4
 Olgreb's Toxic Radiance  Pois           3%         N/A       100%        4
 Petrify                  Tmut/Erth      3%         N/A       100%        4
 Summon Lightning Spire   Summ/Air       3%         N/A       100%        4
 Agony                    Necr           3%         N/A       100%        5
 Alistair's Intoxication  Tmut/Pois      2%         N/A       100%        5
 Arcjolt                  Conj/Air       1%         1d11      100%        5
 Blade Hands              Tmut           1%         N/A       100%        5
 Borgnjor's Vile Clutch   Necr/Erth      1%         N/A       100%        5
 Fireball                 Conj/Fire      1%         3d3       100%        5
 Freezing Cloud           Conj/Ice/Air   2%         6-21      100%        5
 Irradiate                Conj/Tmut      1%         3d12      100%        5
 Iskenderun's Battlesphe  Conj           3%         2d6       100%        5
 Lee's Rapid Deconstruct  Erth           1%         3d4*      100%        5
 Lightning Bolt           Conj/Air       1%         1d12      100%        5
 Metabolic Englaciation   Hex/Ice        2%         N/A       100%        5
 Summon Forest            Summ/Tloc      6%         N/A       100%        5
 Yara's Violent Unravell  Hex/Tmut       1%         3d3       100%        5
 Conjure Ball Lightning   Conj/Air       1%         3x3d6     100%        6
 Death Channel            Necr           1%         N/A       100%        6
 Eringya's Noxious Bog    Tmut/Pois      1%         N/A       100%        6
 Iron Shot                Conj/Erth      1%         9d1       100%        6
 Simulacrum               Ice/Necr       2%         N/A       100%        6
 Starburst                Conj/Fire      1%         6d3       100%        6
 Statue Form              Tmut/Erth      2%         N/A       100%        6
 Dragon Form              Tmut           1%         N/A       100%        7
 Enfeeble                 Hex            1%         N/A       100%        7
 Spellforged Servitor     Conj/Summ      1%         N/A       100%        7
 Storm Form               Tmut/Air       1%         N/A       100%        7
 Summon Hydra             Summ           1%         N/A       100%        7
 Polar Vortex             Ice            2%         N/A       100%        9
 Blink                    Tloc           Unusable   N/A       N/A         2

Dungeon Overview and Level Annotations

Branches:
Dungeon (15/15)            Temple (0/1) D:4            Lair (5/5) D:8
 Shoals (4/4) Lair:2        Snake (4/4) Lair:2        Slime (0/5) Lair:5
    Orc (2/2) D:12            Elf (3/3) Orc:2        Vaults (4/5) D:14
  Crypt (0/3) Vaults:3     Depths (0/4) D:15          Sewer (visited)
 Bailey (visited)         Volcano (visited)

Altars:
Ashenzari
Cheibriados
Elyvilon
Gozag
Hepliaklqana
Kikubaaqudgha
Makhleb
Nemelex Xobeh
Okawaru
Qazlal
Ru
Sif Muna
Uskayaw
Vehumet
Wu Jian
Xom
Yredelemnul
Zin

Shops:
D:7 !   D:13 *   Orc:2 :[((   Elf:2 (   Elf:3 ::   Shoals:1 [   Snake:2 [
Snake:3 :   Vaults:2 *[   Vaults:3 :   Vaults:4 [

Portals:
Hell: Lair:5

Annotations:
D:10 2 transporters
D:12 1 runed translucent door, jasper's ghost, journeyman SpVM
D:13 exclusion: obsidian statue


Innate Abilities, Weirdness & Mutations

You cannot be hasted, slowed, berserked, paralysed or teleported.
You can dig through walls and to a lower floor.
You have a pair of large antennae on your head. (SInv)
Your four strong arms can wield two-handed weapons with a shield.


Message History

The white very ugly thing freezes you. You resist.
Your resistance to physical damage fades away.
You feel protected from cold.
* * * LOW HITPOINT WARNING * * *
Unknown command.
Unknown command.
You feel much better.
You feel sick.
The shadow dragon is no longer encased in ice.
You block the vault warden's attack.
The deep elf demonologist mumbles some strange words.
You block the tengu reaver's attack.
The ghostly sphinx is engulfed in blazing flames.
The ghostly sphinx hits you but does no damage. x3
The shadow dragon is engulfed in blazing flames.
The shadow dragon bites you.
* * * LOW HITPOINT WARNING * * *
The shadow dragon claws you but does no damage.
The shadow dragon claws you.
* * * LOW HITPOINT WARNING * * *
The white very ugly thing barely misses you.
The tengu reaver is engulfed in freezing vapours.
The white very ugly thing closely misses you.
The purple very ugly thing engulfs you!
* * * LOW HITPOINT WARNING * * *
Unknown command.
Unknown command.
Unknown command.
You hit the white very ugly thing.
The white very ugly thing is almost dead.
You slash the white very ugly thing! You drain the white very ugly thing.
You slash the vault warden! You hit the ghostly sphinx.
You hit the tengu reaver but do no damage.
You slash the purple very ugly thing! You drain the purple very ugly thing.
You hit the shadow dragon.
You feel sick. You block the vault warden's attack.
The ghostly sphinx is engulfed in blazing flames.
You block the ghostly sphinx's attack. The ghostly sphinx hits you.
* * * LOW HITPOINT WARNING * * *
You block the ghostly sphinx's attack.
The tengu reaver hits you from afar with a +0 glaive!!
You die...

#..#....# #
#..#..).# .#
###..#.[..#).#.
.....#...÷#.÷))
....[))÷)).÷)
#########[.....÷.###
.........○§°.[.)....
..........HuD<[..[..
:.....u..DQ@u☼<.....
........)Q○up§).[)[.
#########§QD)○.≈.###
{ #.e.[)[≈[[.. {
#.2#.[..#)...
2###.÷[.#..## ).
#....# .. .## #....#
.. { ....#


You could see 2 shadow dragons, a storm dragon (drained), 4 very ugly things, a
ghostly sphinx, a vault warden (drained), 3 tengu reavers, a deep elf
demonologist and 2 tormentors.

Vanquished Creatures
  An ancient lich (Vaults:4)
  Bai Suzhen (Elf:3)
  Xtahua (Vaults:2)
  A golden dragon (Vaults:5)
  A bone dragon (Abyss:4)
  2 hellephants (Vaults:3)
  Asterion (Vaults:3)
  A quicksilver dragon (Vaults:5)
  Mlioglotl (Shoals:3)
  A tentacled monstrosity (Abyss:4)
  6 deep elf blademasters
  A titan (Vaults:4)
  5 deep elf master archers (Elf:3)
  2 krakens
  An ancient champion (Vaults:3)
  Polyphemus (Shoals:4)
  Gastronok (D:10)
  The ghost of reversiblehash the Warrior, an adept DsFi of Gozag (Elf:3)
  2 tentacled starspawn (Abyss:3)
  3 sphinxes
  3 tengu reavers
  A shadow dragon (Vaults:5)
  Kirke (Shoals:1)
  Roxanne (Elf:2)
  Ilsuiw (Shoals:3)
  2 fire giants
  A revenant (Vaults:3)
  8 nagarajas
  4 deep elf sorcerers
  Louise (Elf:3)
  3 frost giants
  Aizul (Elf:1)
  18 vault wardens
  4 deep elf elementalists
  9 war gargoyles
  A reaper (Abyss:4)
  13 ironbound preservers
  8 ironbound thunderhulks
  A stone giant (Vaults:4)
  6 very ugly things
  4 deep elf demonologists
  4 dire elephants
  5 deep elf annihilators
  5 deep elf death magi
  2 merfolk javelineers
  A fire dragon (Volcano)
  The ghost of Umaraj the Markskobold, a journeyman KoHu of Hepliaklqana (D:13)
  4 deep elf high priests
  An entropy weaver (shapeshifter) (D:15)
  2 ettins
  6 merfolk impalers (Shoals:4)
  3 great orbs of eyes
  A crystal guardian (Vaults:3)
  7 yaktaur captains
  2 catoblepae
  7 hydras
  6 peacekeepers
  3 salamander tyrants
  35 vault guards
  4 ogre magi (Orc:2)
  3 merfolk avatars
  16 anacondas
  2 satyrs
  3 alligator snapping turtles (Shoals:4)
  10 ironbound frosthearts
  17 two-headed ogres
  Erica (D:8)
  11 centaur warriors
  A merfolk aquamancer (Shoals:1)
  A death knight (Vaults:3)
  21 dancing weapons
  6 boulder beetles
  13 naga warriors
  12 death yaks
  A tengu warrior (D:13)
  13 naga sharpshooters
  A deep troll earth mage (Vaults:5)
  15 hell knights
  3 thrashing horrors (Abyss:4)
  An orc high priest (Orc:1)
  5 shock serpents
  13 deep elf knights
  A fire crab (D:8)
  7 skysharks
  A salamander mystic (Snake:3)
  5 skeletal warriors (D:15)
  Sonja (Orc:1)
  34 deep trolls
  A sixfirhy (Lair:5)
  21 sea snakes
  11 deep elf archers
  3 glowing orange brains
  7 naga ritualists
  5 wizards
  2 necromancers (Vaults:4)
  16 ironbound convokers
  36 harpies
  11 lindwurms
  4 orc knights
  4 phantasmal warriors
  A harpy (shapeshifter) (D:13)
  11 mana vipers
  29 deep elf pyromancers
  38 deep elf zephyrmancers
  A lindwurm (shapeshifter) (Elf:1)
  A wolf spider (shapeshifter) (Vaults:4)
  A stone giant zombie (Vaults:4)
  8 cyclopes
  9 fauns
  A wolf spider (D:15)
  18 salamanders
  4 elephants (Lair:5)
  17 manticores
  16 ugly things
  9 guardian serpents (Snake:4)
  A guardian serpent (shapeshifter) (D:14)
  45 black mambas
  8 merfolk sirens
  16 vault sentinels
  A water nymph (shapeshifter) (Vaults:5)
  16 slime creatures
  23 naga magi
  6 water nymphs
  A torpor snail (Lair:1)
  2 demonic crawlers
  Joseph (D:10)
  4 smoke demons
  3 gargoyles
  An orange demon (Lair:5)
  9 cane toads
  9 komodo dragons
  3 rime drakes (Lair:5)
  An efreet (D:13)
  2 kobold demonologists
  44 yaktaurs
  2 ancient zymes (Abyss:3)
  4 ice devils (Lair:5)
  2 freezing wraiths
  A meliai (shapeshifter) (D:15)
  A hellwing (Lair:5)
  2 polar bears
  19 merfolk
  8 trolls
  4 large abominations (Abyss:3)
  2 hornets (shapeshifter)
  2 queen bees (shapeshifter)
  2 meliai
  2 hornets
  Grinder (D:6)
  A raiju (shapeshifter) (Vaults:5)
  3 wind drakes (Shoals:4)
  4 raiju (Abyss:4)
  4 snapping turtles
  A tarantella (shapeshifter) (Vaults:4)
  11 dream sheep
  3 blink frogs (Lair:4)
  A dream sheep (shapeshifter) (Vaults:5)
  An ettin zombie (Vaults:4)
  8 water elementals
  2 centaur simulacra
  2 shadows
  A vampire (D:12)
  A yak (shapeshifter) (D:15)
  27 yaks
  A fire elemental (Elf:3)
  3 hogs (Shoals:1)
  10 starcursed masses
  2 wraiths
  5 steam dragons
  5 wyverns
  A chaos spawn (Abyss:3)
  2 neqoxecs
  13 vampire mosquitoes
  A basilisk (Lair:5)
  56 nagas
  2 swamp worms (Lair:3)
  3 acid dragons
  7 hell hounds
  7 water moccasins
  2 black bears
  24 orc warriors
  A human skeleton (Vaults:4)
  2 ice beasts
  2 sky beasts
  3 human zombies (Vaults:4)
  23 ogres
  19 wolves
  8 centaurs
  5 boggarts (Vaults:4)
  3 elf zombies
  5 kobold brigands (D:11)
  A phantom (D:5)
  17 bullfrogs
  2 gnoll sergeants
  4 scorpions (D:5)
  2 earth elementals
  6 wights
  A glowing shapeshifter simulacrum (Vaults:4)
  6 killer bees (D:9)
  8 electric eels
  9 howler monkeys
  A quasit (Abyss:3)
  A jelly (D:7)
  5 hounds
  13 orc priests
  6 iguanas
  4 hell rats (Lair:5)
  2 sleepcaps
  Natasha (twice) (D:4)
  10 orc wizards
  20 gnolls
  5 river rats (Sewer)
  12 adders
  2 shadow imps (D:6)
  4 white imps
  An ufetubus (D:4)
  4 worms
  A dart slug (D:1)
  54 orcs
  5 endoplasms
  6 giant cockroaches
  12 goblins
  10 hobgoblins
  7 jackals
  3 quokkas (D:1)
  10 ball pythons
  15 bats
  8 frilled lizards
  11 kobolds
  4 orc skeletons (D:5)
  An orc zombie (D:5)
  10 rats
  2 starspawn tentacles (Abyss:3)
  7 tentacles
1574 creatures vanquished.

Vanquished Creatures (others)
  2 deep elf annihilators (Elf:3)
  2 deep elf knights (Elf:2)
  A wizard (Lair:5)
  An ironbound convoker (Vaults:5)
  A harpy (Shoals:4)
  A deep elf pyromancer (Elf:3)
  A black mamba (Snake:1)
  A naga (Snake:4)
  39 fungi
  161 plants
  2 starspawn tentacles (Abyss:3)
  5 tentacles
217 creatures vanquished.

Grand Total: 1791 creatures vanquished

Notes
Turn   | Place    | Note
-------+----------+-------------------------------------------
     0 | D:1      | hikkokomori the Formicid Fighter began the quest for the
                  | Orb.
     0 | D:1      | Reached XP level 1. HP: 18/18 MP: 1/1
    77 | D:1      | Found a faded altar of an unknown god.
   117 | D:1      | Reached XP level 2. HP: 24/24 MP: 2/2
   449 | D:1      | Reached XP level 3. HP: 28/29 MP: 3/3
   677 | D:2      | Identified the +3 robe of Morality {rPois rF+ rN+}
   737 | D:2      | Reached XP level 4. HP: 37/37 MP: 4/4
  1583 | D:3      | Reached XP level 5. HP: 33/42 MP: 5/5
  1589 | D:3      | Reached skill level 5 in Shields
  1652 | D:3      | Noticed a +0 short sword
  1652 | D:3      | Noticed a +0 dagger
  1655 | D:3      | Noticed a +0 spear
  1655 | D:3      | Noticed a +0 dagger
  1656 | D:3      | Noticed a +0 short sword
  1656 | D:3      | Noticed a +0 spear
  1658 | D:3      | Noticed a +0 falchion
  1658 | D:3      | Noticed a +0 falchion
  1664 | D:3      | Found a hide-covered altar of Uskayaw.
  2053 | D:3      | Found a sparkling altar of Nemelex Xobeh.
  2057 | D:3      | Found a glowing silver altar of Zin.
  2062 | D:3      | Found a snail-covered altar of Cheibriados.
  2407 | D:4      | Found an iron altar of Okawaru.
  2564 | D:4      | Noticed Natasha
  2567 | D:4      | Reached XP level 6. HP: 35/49 MP: 6/6
  2573 | D:4      | Killed Natasha
  2589 | D:4      | Noticed an ice beast
  2592 | D:4      | Noticed Natasha
  2625 | D:5      | Entered Level 5 of the Dungeon
  2920 | D:5      | Reached skill level 6 in Shields
  2920 | D:5      | Reached XP level 7. HP: 20/55 MP: 7/7
  3138 | D:5      | Reached skill level 5 in Fighting
  3138 | D:5      | Reached skill level 5 in Armour
  3162 | D:5      | Found a glowing drain.
  3186 | Sewer    | Entered a sewer
  3319 | Sewer    | Reached skill level 1 in Evocations
  3980 | D:5      | Reached XP level 8. HP: 40/63 MP: 8/8
  4083 | D:5      | Found the +11 Singing Sword {sonic wave}
  4487 | D:4      | HP: 3/64 [iguana (7)]
  4490 | D:4      | Killed Natasha
  4496 | D:5      | HP: 1/64 [iguana (5)]
  4498 | D:5      | Reached skill level 5 in Axes
  5177 | D:4      | Found an opulent altar of Gozag.
  5449 | D:4      | Found a staircase to the Ecumenical Temple.
  5815 | D:6      | Noticed Grinder
  5820 | D:6      | Killed Grinder
  5821 | D:6      | Reached XP level 9. HP: 71/71 MP: 9/9
  6436 | D:7      | Found a sacrificial altar of Ru.
  6603 | D:7      | Found Gewet's Distillery.
  6642 | D:7      | Bought a potion of resistance for 100 gold pieces
  6642 | D:7      | Bought 2 potions of heal wounds for 100 gold pieces
  6642 | D:7      | Bought a potion of curing for 30 gold pieces
  6764 | D:7      | Found a radiant altar of Vehumet.
  6764 | D:7      | Found a stormy altar of Qazlal.
  6774 | D:7      | Became a worshipper of Qazlal Stormbringer
  6796 | D:7      | Found a flagged portal.
  6808 | D:7      | Reached skill level 1 in Invocations
  6917 | Bailey   | Entered a bailey
  7014 | Bailey   | Noticed an orc knight
  7271 | Bailey   | Reached skill level 5 in Evocations
  7576 | Bailey   | Killed an orc knight
  7577 | Bailey   | Reached XP level 10. HP: 80/80 MP: 10/12
  7750 | D:7      | Reached * piety under Qazlal
  8354 | D:8      | Found a staircase to the Lair.
  8355 | D:8      | Noticed a fire crab
  8376 | D:8      | Killed a fire crab
  8717 | D:8      | Reached skill level 5 in Invocations
  8728 | D:8      | Noticed Erica
  8737 | D:8      | Killed Erica
  8737 | D:8      | Reached ** piety under Qazlal
  8738 | D:8      | Reached XP level 11. HP: 63/89 MP: 13/15
  8783 | D:8      | Found an ornate altar of the Wu Jian Council.
  8882 | D:8      | Found a shimmering altar of Xom.
  8934 | D:8      | Found a hazy altar of Hepliaklqana.
  9095 | D:8      | Found a shimmering blue altar of Sif Muna.
 10073 | D:10     | Entered Level 10 of the Dungeon
 10178 | D:10     | Noticed Joseph
 10192 | D:10     | Killed Joseph
 10231 | D:10     | Noticed an ogre mage
 10232 | D:10     | Found a transporter.
 10237 | D:10     | Noticed a centaur warrior
 10239 | D:10     | Found a white marble altar of Elyvilon.
 10240 | D:10     | Found a broken altar of Ashenzari.
 10240 | D:10     | Found a transporter.
 10240 | D:10     | Noticed a five-headed hydra
 10243 | D:10     | Found a basalt altar of Yredelemnul.
 10683 | D:10     | Noticed Gastronok
 10706 | D:10     | Killed Gastronok
 11217 | Lair:1   | Entered Level 1 of the Lair of Beasts
 11433 | Lair:1   | Reached skill level 10 in Fighting
 11602 | Lair:1   | Found the +4 skin of Zhor {*Englaciate rC+++ SInv}
 11993 | Lair:1   | Reached XP level 12. HP: 97/97 MP: 17/17
 12284 | Lair:2   | Found a staircase to the Snake Pit.
 12551 | Lair:2   | Found a staircase to the Shoals.
 12556 | Lair:2   | Noticed a five-headed hydra
 12560 | Lair:2   | Reached skill level 10 in Armour
 12574 | Lair:2   | Killed a one-headed hydra
 12821 | Lair:2   | Noticed a catoblepas
 12834 | Lair:2   | Killed a catoblepas
 13763 | Lair:3   | Reached skill level 10 in Axes
 13861 | Lair:2   | HP: 5/100 [demonic crawler (4)]
 13878 | Lair:2   | You fall into a shaft and drop 1 floor!
 14850 | Lair:4   | Noticed a death yak
 14850 | Lair:4   | Noticed a death yak
 14850 | Lair:4   | Noticed a death yak
 14851 | Lair:4   | Noticed a death yak
 15008 | Lair:3   | Killed a death yak
 15013 | Lair:3   | Killed a death yak
 15259 | Lair:4   | Killed a death yak
 15260 | Lair:4   | Reached XP level 13. HP: 98/106 MP: 20/20
 15556 | Lair:4   | Reached skill level 1 in Dodging
 15790 | Lair:4   | Identified the +2 falchion of the Chickpea {drain, rPois
                  | rN+ Will- SInv}
 15990 | Lair:4   | Reached skill level 7 in Shields
 16154 | Lair:4   | Noticed a five-headed hydra
 16163 | Lair:4   | Killed a one-headed hydra
 16202 | Lair:4   | Got Sif Muna's Opusculum on Vexatious Command
 16526 | Lair:5   | Entered Level 5 of the Lair of Beasts
 16571 | Lair:4   | HP: 2/107 [death yak (19)]
 16576 | Lair:4   | HP: 1/107 [death yak (12)]
 16581 | Lair:4   | You fall into a shaft and drop 1 floor!
 17343 | Lair:5   | Reached *** piety under Qazlal
 17363 | Lair:5   | Reached skill level 8 in Shields
 17439 | Lair:5   | Found a staircase to the Slime Pits.
 17648 | Lair:5   | Identified the +5 war axe of the Postmodern Beasts {drain,
                  | Will++ rCorr Str+3 Dex-5}
 18073 | Lair:5   | Reached XP level 14. HP: 115/116 MP: 21/21
 18197 | Lair:5   | Reached **** piety under Qazlal
 18314 | Lair:5   | Reached skill level 9 in Shields
 18725 | Lair:5   | Found a burning altar of Makhleb.
 18760 | Lair:5   | Reached skill level 5 in Dodging
 18767 | Lair:5   | Found a gateway to Hell.
 19736 | D:11     | Reached ***** piety under Qazlal
 20210 | D:12     | Reached skill level 10 in Shields
 20483 | D:12     | Found a staircase to the Orcish Mines.
 20833 | D:12     | Found a runed translucent door.
 20833 | D:12     | Noticed jasper's ghost (journeyman SpVM)
 21631 | D:13     | Reached XP level 15. HP: 101/124 MP: 22/22
 21831 | D:13     | Found a runed translucent gate.
 21831 | D:13     | Found an opulent altar of Gozag.
 21831 | D:13     | Found a runed translucent gate.
 21832 | D:13     | Found a runed translucent gate.
 21832 | D:13     | Found Zainoq's Assorted Antiques.
 21832 | D:13     | Noticed Umaraj's ghost (journeyman KoHu)
 21832 | D:13     | Noticed a fire giant
 21865 | D:13     | Killed Umaraj's ghost
 21867 | D:13     | Killed a fire giant
 21873 | D:13     | Reached skill level 11 in Shields
 22121 | D:13     | Identified the ring "Ephenoez" {Ice rN+ Will+ Dex+4}
 22556 | Orc:1    | Entered Level 1 of the Orcish Mines
 22687 | Orc:1    | Noticed Sonja
 22696 | Orc:1    | Killed Sonja
 23040 | Orc:1    | You fall into a shaft and drop 1 floor!
 23040 | Orc:2    | Entered Level 2 of the Orcish Mines
 23061 | Orc:2    | Found a dark tunnel.
 23070 | Volcano  | Entered a volcano
 23613 | Orc:2    | Reached skill level 12 in Shields
 23991 | Orc:2    | Reached ****** piety under Qazlal
 24233 | Orc:2    | Reached XP level 16. HP: 100/134 MP: 23/23
 24359 | Orc:2    | Found Xaxe's Antique Armour Shoppe.
 24359 | Orc:2    | Found Icaplues's Antique Weapon Boutique.
 24360 | Orc:2    | Found Ofosapp's Book Shop.
 24360 | Orc:2    | Found Ydevemn's Antique Weapon Shoppe.
 24372 | Orc:2    | Bought a manual of Armour for 880 gold pieces
 24646 | Orc:2    | Found a staircase to the Elven Halls.
 24934 | Elf:1    | Entered Level 1 of the Elven Halls
 25106 | Elf:1    | Reached skill level 10 in Invocations
 25474 | Elf:1    | Reached skill level 13 in Shields
 26477 | Lair:2   | Reached skill level 15 in Fighting
 26491 | Snake:1  | Entered Level 1 of the Snake Pit
 26544 | Snake:1  | Identified the +0 ring mail of Generosity {rElec rCorr
                  | Str+5 Int-4}
 26569 | Snake:1  | Reached skill level 15 in Armour
 27118 | Snake:1  | Found a hazy altar of Hepliaklqana.
 27166 | Snake:1  | Got Webbea's Secrets of the Anticline and the Mortuary
 27433 | Snake:2  | Reached XP level 17. HP: 70/142 MP: 25/25
 27748 | Snake:2  | Reached skill level 14 in Shields
 28337 | Snake:2  | Found Xacaost's Antique Armour Shop.
 28345 | Snake:2  | Bought a fading plate armour for 980 gold pieces
 28345 | Snake:2  | Identified the +1 plate armour "Muetakk" {rElec} (You
                  | bought it in a shop on level 2 of the Snake Pit)
 29235 | Snake:3  | Found Giul's Book Shop.
 29538 | Snake:3  | Reached skill level 15 in Shields
 29879 | Snake:4  | Entered Level 4 of the Snake Pit
 29987 | Snake:4  | Reached XP level 18. HP: 102/151 MP: 27/27
 30876 | Snake:4  | Reached skill level 15 in Axes
 31419 | Snake:4  | Identified the +1 hat of Jokynini {rElec rN+ Will+++ Int-3}
 31738 | Snake:4  | Reached skill level 16 in Shields
 32007 | Snake:4  | Got a serpentine rune of Zot
 32165 | Shoals:1 | Entered Level 1 of the Shoals
 32184 | Shoals:1 | Noticed Kirke
 32201 | Shoals:1 | Killed Kirke
 32277 | Shoals:1 | Found Cewnoteoqa's Armour Shop.
 32279 | Shoals:1 | Identified a scroll of acquirement
 32322 | Shoals:1 | Acquired the ring "Unipn" {Ice Fly rElec rN++ Int-2}
 32422 | Shoals:1 | Reached XP level 19. HP: 160/161 MP: 29/29
 34407 | Shoals:3 | Noticed Mlioglotl
 34429 | Shoals:3 | Killed Mlioglotl
 34430 | Shoals:3 | Reached skill level 17 in Shields
 34822 | Shoals:3 | Noticed Ilsuiw
 34876 | Shoals:3 | Killed Ilsuiw
 35049 | Shoals:4 | Entered Level 4 of the Shoals
 35576 | Shoals:4 | Identified the +8 long sword "Killer Bee's Foe" {holy,
                  | Dex+3}
 35962 | Shoals:4 | Reached skill level 15 in Invocations
 35975 | Shoals:4 | Got a barnacled rune of Zot
 36023 | Shoals:4 | Noticed Polyphemus
 36033 | Shoals:4 | Killed Polyphemus
 36046 | Shoals:4 | Reached XP level 20. HP: 139/170 MP: 31/31
 36436 | Shoals:4 | Got Practical Theurgy
 37287 | D:14     | Identified the +0 leather armour of the Scribe {rElec Int+4
                  | Stlth+}
 37356 | D:14     | Found a gate to the Vaults.
 37669 | D:15     | Entered Level 15 of the Dungeon
 37804 | D:15     | Reached skill level 1 in Throwing
 38139 | D:15     | Found a staircase to the Depths.
 38688 | Elf:1    | Reached skill level 18 in Shields
 38811 | Elf:1    | Got Wecab's Omnibus of the Volley
 38831 | Elf:1    | Learned a level 1 spell: Apportation
 38846 | Elf:1    | Learned a level 4 spell: Manifold Assault
 39194 | Elf:2    | Noticed Aizul
 39210 | Elf:1    | Killed Aizul
 39542 | Elf:2    | Reached skill level 1 in Spellcasting
 39752 | Elf:2    | Found an ancient bone altar of Kikubaaqudgha.
 39904 | Elf:2    | Got the Thoughts on the Congregation
 39977 | Elf:2    | Noticed Roxanne
 39989 | Elf:2    | Killed Roxanne
 40190 | Elf:2    | Found Dupeloeb's Antique Weapon Boutique.
 40278 | Elf:2    | Found a huge runed translucent gate.
 40278 | Elf:2    | Found a huge runed translucent gate.
 40278 | Elf:2    | Found a huge runed translucent gate.
 40422 | Elf:2    | Found a huge runed translucent gate.
 40423 | Elf:2    | Found a huge runed translucent gate.
 41023 | Elf:2    | Reached XP level 21. HP: 160/178 MP: 33/33
 41224 | Elf:3    | Entered Level 3 of the Elven Halls
 41227 | Abyss:3  | Cast into level 3 of the Abyss (+0 hand axe of distortion)
 41384 | Abyss:4  | Found a corrupted altar of Lugonu.
 41411 | Abyss:4  | Noticed a bone dragon
 41428 | Abyss:4  | Found a corrupted altar of Lugonu.
 41437 | Abyss:4  | Killed a bone dragon
 41465 | Elf:3    | Escaped the Abyss
 41876 | Elf:3    | Found Tyne's Book Emporium.
 41880 | Elf:3    | Found Cuhuisex's Book Emporium.
 41885 | Elf:3    | Noticed Louise
 41898 | Elf:3    | Killed Louise
 41927 | Elf:3    | Reached skill level 19 in Shields
 42121 | Elf:3    | Noticed Bai Suzhen
 42137 | Elf:3    | Killed Bai Suzhen
 42201 | Elf:3    | Reached skill level 5 in Spellcasting
 42460 | Elf:3    | Noticed a Brimstone Fiend
 42547 | Elf:3    | Found the +7 sceptre of Torment {pain, torment}
 42559 | Elf:3    | Got Leot's Meditations on Accompaniment
 42621 | Elf:3    | Identified the ring "Osonant" {rElec MP+9 Str+6}
 42736 | Elf:3    | Found the macabre finger necklace {Finger+ rN+}
 42749 | Elf:3    | Identified the ring "Xyhi" {Str+2 Dex+6}
 42842 | Elf:3    | Identified the +7 falchion "Xingud" {freeze, rElec Str-2
                  | Dex+2}
 42877 | Elf:3    | Identified the ring of the Sybil {Wiz *Corrode rElec rF+
                  | Slay+3}
 43057 | Elf:3    | Found a runed translucent door.
 43065 | Elf:3    | Noticed reversiblehash's ghost (adept DsFi)
 43102 | Elf:3    | Killed reversiblehash's ghost
 43338 | Vaults:1 | Entered Level 1 of the Vaults
 43502 | Vaults:1 | You are sucked into a shaft and drop 1 floor!
 43516 | Vaults:2 | Reached skill level 1 in Translocations
 43733 | Vaults:2 | Found Pete's General Store.
 43749 | Vaults:2 | Reached XP level 22. HP: 170/187 MP: 34/34
 43755 | Vaults:2 | Found Udwis's Antique Armour Shop.
 43846 | Vaults:2 | Bought a runed cloak for 255 gold pieces
 43846 | Vaults:2 | Bought a distressingly furry plate armour for 952 gold
                  | pieces
 43846 | Vaults:2 | Identified the +0 plate armour "Voejivit" {Will+} (You
                  | bought it in a shop on level 2 of the Vaults)
 43865 | Vaults:2 | Bought a +0 pair of boots of flying for 161 gold pieces
 44040 | Vaults:2 | Noticed Xtahua
 44053 | Vaults:2 | Killed Xtahua
 44294 | Vaults:2 | Reached skill level 20 in Shields
 44294 | Vaults:2 | Reached skill level 10 in Evocations
 44603 | Vaults:3 | Found Hihearuf's Book Shoppe.
 44650 | Vaults:3 | Noticed Asterion
 44669 | Vaults:3 | Killed Asterion
 44898 | Vaults:3 | Reached skill level 5 in Translocations
 44913 | Vaults:3 | Reached XP level 23. HP: 169/194 MP: 36/36
 45032 | Vaults:3 | Found a staircase to the Crypt.
 45391 | Vaults:3 | Found a huge runed gate.
 45392 | Vaults:3 | Found a huge runed gate.
 45392 | Vaults:3 | Found a huge runed gate.
 45392 | Vaults:3 | Found a huge runed gate.
 45393 | Vaults:3 | Found a huge runed gate.
 45393 | Vaults:3 | Found a huge runed gate.
 45393 | Vaults:3 | Found a huge runed gate.
 45393 | Vaults:3 | Found a huge runed gate.
 45394 | Vaults:3 | Found a huge runed gate.
 45394 | Vaults:3 | Found a huge runed gate.
 45394 | Vaults:3 | Found a huge runed gate.
 45394 | Vaults:3 | Found a huge runed gate.
 45394 | Vaults:3 | Found a huge runed gate.
 45395 | Vaults:3 | Found a huge runed gate.
 45396 | Vaults:3 | Found a huge runed gate.
 45397 | Vaults:3 | Found a huge runed gate.
 45398 | Vaults:3 | Found a huge runed gate.
 45469 | Vaults:3 | Found a huge runed gate.
 45469 | Vaults:3 | Found a huge runed gate.
 45469 | Vaults:3 | Found a huge runed gate.
 45469 | Vaults:3 | Found a huge runed gate.
 45469 | Vaults:3 | Found a huge runed gate.
 45469 | Vaults:3 | Found a huge runed gate.
 45470 | Vaults:3 | Found a huge runed gate.
 45471 | Vaults:3 | Found a huge runed gate.
 45472 | Vaults:3 | Found a huge runed gate.
 45480 | Vaults:3 | Found a huge runed gate.
 45480 | Vaults:3 | Found a huge runed gate.
 45480 | Vaults:3 | Found a huge runed gate.
 45480 | Vaults:3 | Found a huge runed gate.
 45480 | Vaults:3 | Found a huge runed gate.
 45480 | Vaults:3 | Found a huge runed gate.
 45481 | Vaults:3 | Found a huge runed gate.
 45482 | Vaults:3 | Found a huge runed gate.
 45483 | Vaults:3 | Found a huge runed gate.
 45581 | Vaults:3 | Found a huge runed gate.
 45869 | Vaults:4 | Reached skill level 21 in Shields
 46038 | Vaults:4 | Found Luirur's Antique Armour Boutique.
 46052 | Vaults:4 | Bought a fading cloak for 266 gold pieces
 46052 | Vaults:4 | Identified the +0 cloak of Elejomm {Rampage Fly Will-
                  | Int+2} (You bought it in a shop on level 4 of the Vaults)
 46052 | Vaults:4 | Bought a translucent cloak for 266 gold pieces
 46052 | Vaults:4 | Identified the +1 cloak "Iniask" {Int+3} (You bought it in
                  | a shop on level 4 of the Vaults)
 47123 | Vaults:5 | Entered Level 5 of the Vaults
 47124 | Vaults:5 | Noticed an ancient lich
 47128 | Vaults:5 | Reached XP level 24. HP: 192/201 MP: 29/36
 47135 | Vaults:4 | Killed an ancient lich
 47203 | Vaults:4 | Reached skill level 15 in Evocations
 47258 | Vaults:5 | Noticed a golden dragon
 47272 | Vaults:5 | Killed a golden dragon
 47272 | Vaults:5 | HP: 7/198 [tengu reaver/bolt of poison (7)]
 47495 | Vaults:5 | Reached skill level 22 in Shields
 47504 | Vaults:5 | Slain by a tengu reaver

Illustrated notes

Levels and vault maps discovered:
D:1:      ebering_trefoil_3fold, layout_basic, basic_ecumenical_altar
D:2:      layout_rooms
D:3:      layout_basic, nicolae_uskayaw_en_pointe,
          grunt_temple_overflow_diamond, serial_glass, glass_columns_a,
          glass_columns_b
D:4:      layout_basic, grunt_gozag_breadcrumbs,
          hellmonk_okawaru_the_only_friend_you_need,
          minmay_temple_entry_offerings, uniq_natasha
D:5:      old_forge, layout_loops_corners, gup_sewer_entry_glass,
          nicolae_ossuary_entry_catacombs, uniq_crazy_yiuf_cottage
D:6:      layout_basic, uniq_grinder
D:7:      layout_loops_cross, nicolae_ru_sacrificial_ziggurat,
          nicolae_overflow_two_pavilions, serial_shops, kennysheep_little_box,
          lightli_bailey_entry_fortress, minmay_fountain_box
D:8:      layout_loops_ring, mainiacjoe_overflow_concentric_impassable,
          regret_index_temple_of_mockery, overflow_temple_1_default,
          minmay_lair_entry_lava, uniq_erica
D:9:      layout_stronghold
D:10:     layout_long_grid, gammafunk_temple_overflow_arena, uniq_joseph,
          uniq_gastronok
D:11:     layout_loops_ring
D:12:     layout_loops_corners, orc_0_dummy, hellmonk_ghost_big_iron
D:13:     layout_long_grid, ebering_ghost_gozag, minmay_mirror_moons_of_madness
D:14:     cheibrodos_orc_bank, layout_irregular_city, kennysheep_boxes,
          minmay_liquid_box
D:15:     hangedman_depths_entry_try_elsewhere_first, layout_stronghold,
          serial_column_ruins, column_ruins_hut, column_ruins_grid_1,
          column_ruins_grid_1, column_ruins_open_small_water,
          column_ruins_open_medium, column_ruins_grid_1, minmay_quadrilaterals
Lair:1:   layout_cave_shapes, hellmonk_guarded_unrand_zhor
Lair:2:   layout_regular_city, minmay_shoals_entry_lonely_mermaid,
          dummy_snake_entry
Lair:3:   layout_loops_ring, worms_lemuel
Lair:4:   layout_cave_pods, infiniplex_staircase_pool
Lair:5:   evil_forest, layout_gridlike, slime_entry_1, st_stairs_13
Shoals:1: layout_shoals, serial_shops, nicolae_shop_hallway_stairs, uniq_kirke
Shoals:2: layout_shoals, nzn_prometheus_bound
Shoals:3: layout_shoals, uniq_ilsuiw, uniq_mlioglotl
Shoals:4: shoals_end_grunt_ice, layout_shoals, uniq_polyphemus
Snake:1:  layout_onion_interference, basic_altar
Snake:2:  layout_layer_cave, serial_shops, shop, statue_in_the_mist_lemuel,
          nicolae_triple_integral
Snake:3:  layout_cave_town, serial_shops, shop_fountains, serial_bayou_shore_a,
          lemuel_fruit_tree
Snake:4:  grunt_snake_rune_pools, layout_grid_maze, nicolae_snake_snake_lake,
          hangedman_snake_corridor_cut
Orc:1:    layout_caves, uniq_sonja
Orc:2:    st_orc_ogre_mass, layout_caves, lightli_volcano_entry_magma_tube,
          sword_in_stone
Elf:1:    eino_elf_arrival_customs, layout_gridlike, minmay_elf_annihilation,
          roderic_lattice_octagonal_star
Elf:2:    elven_hall_of_blades_hangedman_alternative [mumra_blade_entry_dagger],
          layout_loops_cross, basic_altar, serial_shops, shop, hex_medium,
          grunt_ministairs_7, minmay_elf_demonology, uniq_aizul, uniq_roxanne
Elf:3:    minmay_elf_hall, layout_rooms, ebering_ghost_reflecting_pool,
          minmay_shop_star, uniq_louise, uniq_bai_suzhen
Vaults:1: vaults_mumra_chevron, nicolae_vaults_display_case,
          vaults_room_large_hall, v_rooms_6, v_misc_8, vaults_mumra_minichess,
          v_misc_4, v_rooms_4, vaults_standard_mumra_lines, v_alt_pattern_5,
          v_misc_14, hangedman_vaults_corner_blocks,
          hangedman_vaults_stretched_pinwheel, grunt_vaults_hallway_short,
          layout_vaults_ring, serial_glass
Vaults:2: ontoclasm_vaults_eye, v_misc_25, nicolae_vaults_stairing_the_circle,
          vaults_mumra_hexcomb, nicolae_vaults_angled_halls,
          vaults_dpeg_emergency_exit, v_misc_10, v_misc_23, v_pattern_2,
          v_misc_5, st_lattice, vaults_room_grid, v_misc_23,
          layout_vaults_maze_snakey, serial_shops, shop, nicolae_diamond_shop,
          uniq_xtahua
Vaults:3: vaults_standard_mumra_x, hangedman_vaults_capsules,
          grunt_vaults_trifunnel, minmay_crypt_entry_simple_walls,
          vaults_room_door_hall, v_misc_1, v_rooms_6,
          nicolae_vaults_shelves_hall, v_misc_24, not_door_vault_due,
          grunt_vaults_hallway_short, grunt_vaults_diagonal,
          ontoclasm_vaults_idyll, nicolae_vaults_asterisk,
          ontoclasm_vaults_misaligned, layout_vaults_omnibox, serial_shops,
          shop, uniq_asterion
Vaults:4: nicolae_vaults_what_the_h, v_pattern_1,
          nicolae_vaults_lopsided_apartments, ontoclasm_vaults_decontamination,
          v_alt_pattern_2, hangedman_vaults_variations,
          nicolae_vaults_ninety_degrees, hangedman_vaults_slice,
          vaults_dpeg_cross, ontoclasm_vaults_fault, layout_vaults_big_cross,
          serial_shops, nicolae_shop_hallway_plus
Vaults:5: serial_shops

Skill      XL: |  1  2  3  4  5  6  7  8  9 10 11 12 13 14 15 16 17 18 19 20 21 22 23 24 |
---------------+-------------------------------------------------------------------------+-----
Fighting       | 4 5 6 8 9 10 11 12 13 14 15 16 17 18 19 | 19.1
Armour         | 4 5 6 7 8 9 11 12 13 15 17 18 19 20 | 20.0
Shields        | 5 6 8 10 12 13 15 16 17 18 19 20 21 22 | 22.0
Axes           | 3 4 5 6 7 9 10 11 12 13 14 15 16 17 18 19 | 19.3
Evocations     | 2 4 5 7 8 12 14 15 | 15.5
Invocations    | 3 5 7 9 11 12 13 15 16 17 18 19 | 19.5
Dodging        | 4 6 7 |  7.9
Throwing       | 2 |  2.7
Spellcasting   | 3 5 |  5.7
Translocations | 1 5 7 8 |  8.0

Action                     |  1- 3 |  4- 6 |  7- 9 | 10-12 | 13-15 | 16-18 | 19-21 | 22-24 || total
---------------------------+-------+-------+-------+-------+-------+-------+-------+-------++-------
  Melee: War axe           |    52 |   177 |   427 |   689 |   963 |  1055 |  1370 |    32 ||  4765
         Scimitar          |       |       |       |     8 |   168 |       |       |       ||   176
         Battleaxe         |       |       |       |       |       |    11 |    88 |   581 ||   680
         Unarmed           |       |       |       |       |       |     2 |       |       ||     2
 Invoke: Upheaval          |       |       |       |     8 |     3 |     4 |     5 |     2 ||    22
         Disaster Area     |       |       |       |       |       |     1 |     2 |     7 ||    10
         Elemental Force   |       |       |       |       |       |       |     1 |       ||     1
Ability: Shaft Self        |       |       |       |     1 |     1 |       |       |       ||     2
         Dig               |       |       |       |       |     4 |     2 |     1 |     3 ||    10
  Evoke: Wand              |       |       |     8 |    14 |     7 |     2 |     4 |       ||    35
         Condenser vane    |       |       |       |       |       |       |       |     2 ||     2
    Use: Scroll            |       |    14 |     1 |    12 |     5 |     6 |     9 |     1 ||    48
         Potion            |       |     2 |     1 |     2 |     6 |     5 |     9 |     7 ||    32
   Stab: Sleeping          |       |     4 |     4 |       |       |       |       |       ||     8
         Distracted        |       |       |     1 |     1 |       |       |       |       ||     2
         Paralysed         |       |       |       |     8 |       |       |       |       ||     8
         Invisible         |       |       |       |       |       |       |     3 |     6 ||     9
 Armour: Scale mail        |    23 |       |       |       |       |       |       |       ||    23
         Robe              |     1 |    49 |   129 |       |       |       |       |       ||   179
         Gold dragon scale |       |       |       |   616 |   772 |   440 |   525 |   326 ||  2679
  Dodge: Dodged            |    27 |   102 |   230 |   158 |   343 |   235 |   221 |   129 ||  1445
         Repelled          |       |       |       |       |     4 |    39 |    16 |     6 ||    65
  Block: Buckler           |    16 |    49 |   161 |   332 |   731 |       |       |       ||  1289
         Kite shield       |       |       |       |       |    36 |  1260 |  1589 |    52 ||  2937
         Reflection        |       |       |       |       |       |    89 |   121 |    62 ||   272
         Tower shield      |       |       |       |       |       |       |       |   883 ||   883

Table legend: (Time is in decaauts)
 A = Elapsed time spent in this place.
 B = Non-inter-level travel time spent in this place.
 C = Inter-level travel time spent in this place.
 D = Time resting spent in this place.
 E = Time spent auto-exploring this place.
 F = Levels seen in this place.
 G = Mean time per level.
                   A        B        C        D        E       F      G
               +--------+--------+--------+--------+--------+-----+--------+
         Total |  47617 |  45378 |   2239 |   5481 |  28949 |  43 | 1107.4 |
       Dungeon |  15417 |  14504 |    913 |    892 |  10384 |  15 | 1027.8 |
          Lair |   8626 |   8267 |    359 |   1699 |   4983 |   5 | 1725.2 |
        Shoals |   4367 |   4238 |    129 |    344 |   3020 |   4 | 1091.8 |
     Snake Pit |   5217 |   4913 |    304 |    569 |   3078 |   4 | 1304.2 |
  Orcish Mines |   2002 |   1825 |    177 |    164 |   1195 |   2 | 1001.0 |
   Elven Halls |   5591 |   5346 |    245 |   1321 |   2796 |   3 | 1863.7 |
        Vaults |   4317 |   4209 |    108 |    110 |   2741 |   5 |  863.4 |
         Abyss |    214 |    214 |      0 |      0 |     29 |   2 |  107.0 |
         Sewer |    564 |    564 |      0 |      0 |    285 |   1 |  564.0 |
        Bailey |    829 |    829 |      0 |    282 |    185 |   1 |  829.0 |
       Volcano |    470 |    470 |      0 |    100 |    250 |   1 |  470.0 |
               +--------+--------+--------+--------+--------+-----+--------+

Top non-repeatable levels by time:
  Lair:5: 2628 daAuts
   Elf:2: 2446 daAuts
 Snake:3: 1943 daAuts
     D:5: 1822 daAuts
  Lair:3: 1800 daAuts
  Lair:2: 1784 daAuts
   Elf:1: 1764 daAuts
Vaults:4: 1634 daAuts
 Snake:4: 1609 daAuts
    D:12: 1484 daAuts
  Lair:4: 1440 daAuts
Shoals:4: 1412 daAuts
Vaults:3: 1412 daAuts
   Elf:3: 1380 daAuts
   Orc:2: 1345 daAuts
